 Dungeon Crawl Stone Soup version 0.27-a0-1591-gc56fcc985a (webtiles) character file.

Game seed: 10410125223631247557

132 Anon1729 the Poker (level 5, -1/42 HPs)
             Began as a Merfolk Monk on July 19, 2021.
             Was a Priest of Jiyva.
             Killed by nerve-wracking pain
             ... invoked by Menkaure
              (9 damage)
             ... on level 4 of the Dungeon.
             The game lasted 00:04:57 (4130 turns).

Anon1729 the Poker (Merfolk Monk)                   Turns: 4130, Time: 00:04:58

Health: -1/42      AC:  4    Str: 10 (12) XL:     5   Next: 15%
Magic:  5/5        EV: 15    Int:  8 (9)  God:    Jiyva [***...]
Gold:   59         SH:  0    Dex: 19      Spells: 4/4 levels left

rFire    . . .     SeeInvis .   a - +0 spear
rCold    + . .     Faith    .   (no shield)
rNeg     . . .     Spirit   .   b - +0 robe
rPois    .         Reflect  .   (no helmet)
rElec    .         Harm     .   (no cloak)
rCorr    +         Rampage  .   g - +0 pair of gloves
Will     .....                  k - +0 pair of boots
Stlth    +++.......             m - amulet of magic regeneration
HPRegen  0.14/turn              c - ring of protection from cold
MPRegen  0.34/turn              d - ring of flight

@: flying
A: (nimble swimmer 2), mertail, fangs 1, agile 1, mutation resistance 1
a: Renounce Religion, Request Jelly


You were on level 4 of the Dungeon.
You worshipped Jiyva.
Jiyva was most pleased with you.
You visited 1 branch of the dungeon, and saw 4 of its levels.

You collected 59 gold pieces.

Inventory:

Hand Weapons
 a - a +0 spear (weapon)
Armour
 b - a +0 robe (worn)
 g - a +0 pair of gloves (worn)
 k - a +0 pair of boots (worn)
Jewellery
 c - a ring of protection from cold (left hand)
 d - a ring of flight (right hand)
 m - an amulet of magic regeneration (around neck)
Scrolls
 f - a scroll of fog {unknown}
 i - 4 scrolls of identify {unknown}
 l - a scroll of noise {unknown}
Potions
 e - 2 potions of degeneration
 h - a potion of mutation
 j - a potion of heal wounds {unknown}


   Skills:
 + Level 4.1 Fighting
 + Level 5.6 Polearms
 + Level 5.1 Dodging
 + Level 3.6 Stealth


You had 4 spell levels left.
You didn't know any spells.
Your spell library contained the following spells:

 Spells                   Type           Power      Damage    Failure   Level
 Summon Lightning Spire   Summ/Air       0%         N/A       99%         4
 Storm Form               Tmut/Air       0%         N/A       100%        7
 Maxwell's Capacitive Co  Air            0%         ∞         100%        8


Dungeon Overview and Level Annotations

Branches:
Dungeon (4/15)
 Temple: D:4-7

Altars:
Jiyva

Shops:
D:1 *

Annotations:
D:4 Menkaure


Innate Abilities, Weirdness & Mutations

((You are quick and stealthy near water. (Stealth+, EV+, Speed+++)))
Your lower body shifts to a powerful aquatic tail in water.
You have very sharp teeth.
You are agile. (Dex +2)
You are somewhat resistant to further mutation.


Message History

You feel sick.
You feel sick.
You feel sick.
You are no longer poisoned.
You hear a splatter.
You hear a distant slurping noise.
Found a stone staircase leading down.
There is an escape hatch in the ceiling here.
You swap places.
Menkaure, Prince of Dust comes into view.
Menkaure is nearby!
Menkaure is nearby!
Menkaure is nearby!
Menkaure calls on the powers of darkness!
Your body is wracked with pain!
You reach to attack!
You hit Menkaure but do no damage.
Menkaure gestures wildly while chanting.
Menkaure seems to speed up.
You reach to attack!
You hit Menkaure.
Menkaure is lightly damaged.
Menkaure calls on the powers of darkness!
Your body is wracked with pain!
* * * LOW HITPOINT WARNING * * *
Menkaure hits the jelly!
Menkaure is burned by acid!
Menkaure hits the jelly!
The jelly dies!
Menkaure hums in an indecipherable tongue.
Menkaure casts a spell at you.
You barely resist.
Menkaure calls on the powers of darkness!
Your body is wracked with pain!
* * * LOW HITPOINT WARNING * * *
Menkaure sighs, "Let me perform the rites..."
Menkaure hits you.
* * * LOW HITPOINT WARNING * * *
There is a stone staircase leading down here.
Menkaure casts a spell at you.
You barely resist. Menkaure casts a spell at you.
Pain shoots through your body!
You die...

......#..###....##..# ##.
#...##...<.##..### ##..
##..###...........## ##...
##..###.........##..### #....
#...##.........####...###....
##..###........># ###..#.....
#...# #.........# ##.......
##..## #.........## ##......
##..## #......@...# ##......
#...# #....M.....# #.......
##..## ##..>.......# #.......
#...# ##...........#
##.......
...#####..J###......#
#........ ##...##...##
#####.## #........ ##......##
### #........ ###...##
#.......# ##.## #########


You could see Menkaure (fast) and a neutral jelly (wandering) (fellow slime).

Vanquished Creatures
  3 adders
  A worm (D:2)
  2 dart slugs
  2 orcs (D:3)
  6 ball pythons
  6 bats
  8 endoplasms
  4 giant cockroaches
  7 goblins
  6 hobgoblins
  8 kobolds
  3 quokkas (D:1)
  7 frilled lizards
  6 rats
69 creatures vanquished.

Vanquished Creatures (others)
  4 jellies
  An orc priest (D:3)
  Ijyb (D:3)
  An iguana (D:4)
  An orc wizard (D:3)
  An adder (D:3)
  3 orcs (D:3)
  A ball python (D:3)
  A goblin (D:3)
  A hobgoblin (D:3)
  3 jackals (D:3)
  A frilled lizard (D:3)
  A rat (D:3)
20 creatures vanquished.

Grand Total: 89 creatures vanquished

Notes
Turn   | Place    | Note
-------+----------+-------------------------------------------
     0 | D:1      | Anon1729 the Merfolk Monk began the quest for the Orb.
     0 | D:1      | Reached XP level 1. HP: 18/18 MP: 1/1
   172 | D:1      | Reached XP level 2. HP: 24/24 MP: 2/2
   652 | D:1      | Found Geacudu's General Store.
   655 | D:1      | Reached XP level 3. HP: 29/29 MP: 3/3
   935 | D:1      | Reached skill level 5 in Polearms
  1796 | D:2      | Reached XP level 4. HP: 27/37 MP: 4/4
  2078 | D:2      | Found a faded altar of an unknown god.
  2091 | D:2      | Became a worshipper of Jiyva Jiggoll the Shapeless
  2091 | D:2      | Reached * piety under Jiyva
  2091 | D:2      | Reached ** piety under Jiyva
  2435 | D:3      | Reached *** piety under Jiyva
  2449 | D:3      | Gained mutation: You have acidic saliva. [Jiyva's grace]
  2904 | D:3      | Reached skill level 5 in Dodging
  3322 | D:4      | Noticed Ijyb
  3361 | D:3      | Lost mutation: You have acidic saliva. [potion of mutation]
  3361 | D:3      | Gained mutation: You have very sharp teeth. [potion of
                  | mutation]
  3361 | D:3      | Gained mutation: You are somewhat resistant to further
                  | mutation. [potion of mutation]
  3361 | D:3      | Gained mutation: You are agile. (Dex +2) [potion of
                  | mutation]
  3615 | D:3      | Killed Ijyb
  3616 | D:3      | Reached XP level 5. HP: 9/42 MP: 1/5
  4094 | D:4      | Noticed Menkaure
  4130 | D:4      | Killed from afar by Menkaure

Illustrated notes

Levels and vault maps discovered:
D:1:      scummos_arrival_simple_crosswalls, layout_loops_ring, serial_shops,
          nicolae_diamond_shop, minivault_25, minmay_tetromino_i4
D:2:      layout_rooms, dreamdust_ecumenical_altar_statues,
          chequers_serial_rivers_small_3
D:3:      layout_loops_ring
D:4:      layout_cave_pods, moated_statue, uniq_ijyb, uniq_menkaure,
          uniq_natasha

Skill      XL: |  1  2  3  4 |
---------------+-------------+-----
Polearms       | 5 |  5.6
Stealth        | 3 |  3.6
Fighting       | 4 |  4.1
Dodging        | 5 |  5.1

Action                   |  1- 3 |  4- 6 || total
-------------------------+-------+-------++-------
Melee: Spear             |   201 |   127 ||   328
       Bite              |       |     9 ||     9
Invok: Request Jelly     |       |     4 ||     4
  Use: Potion            |       |     3 ||     3
 Stab: Sleeping          |     6 |     7 ||    13
Armor: Robe              |    18 |    15 ||    33
Dodge: Dodged            |   118 |    49 ||   167

Table legend: (Time is in decaauts)
 A = Elapsed time spent in this place.
 B = Non-inter-level travel time spent in this place.
 C = Inter-level travel time spent in this place.
 D = Time resting spent in this place.
 E = Time spent auto-exploring this place.
 F = Levels seen in this place.
 G = Mean time per level.
                   A        B        C        D        E       F      G
               +--------+--------+--------+--------+--------+-----+--------+
         Total |   4076 |   4010 |     66 |    643 |   2711 |   4 | 1019.0 |
       Dungeon |   4076 |   4010 |     66 |    643 |   2711 |   4 | 1019.0 |
               +--------+--------+--------+--------+--------+-----+--------+

Top non-repeatable levels by time:
     D:1: 1613 daAuts
     D:3: 1519 daAuts
     D:2: 655 daAuts
     D:4: 287 daAuts
